 Dungeon Crawl Stone Soup version 0.31.0-12-g77e489cdc1 (webtiles) character file.

Game seed: 4347087593222189786

362 Senryu the Sneak (level 6, -3/30 HPs)
             Began as a Vine Stalker Enchanter on Mar 7, 2024.
             Slain by a gnoll sergeant (6 damage)
             ... on level 5 of the Dungeon.
             The game lasted 00:08:37 (1600 turns).

Senryu the Sneak (Vine Stalker Enchanter)           Turns: 1600, Time: 00:08:37

Health: -3/30      AC:  4    Str: 11    XL:     6   Next: 66%
Magic:  0/11       EV: 12    Int: 17    God:
Gold:   101        SH:  0    Dex: 14    Spells: 3/11 levels left

rFire   . . .        a - +3 dagger
rCold   + . .        (no shield)
rNeg    . . .        d - +2 robe {rC+}
rPois   +            (no helmet)
rElec   .            (no cloak)
rCorr   .            (no gloves)
SInv    .            (no boots)
Will    .....        (no amulet)
Stlth   +++          k - ring of poison resistance
HPRegen 1.05/turn    (no ring)
MPRegen 0.12/turn

%: guardian spirit
@: no status effects
A: fangs 2, regeneration 1, magic shield, antimagic bite, no potion heal 2
a: no special abilities


You were on level 5 of the Dungeon.
You visited 1 branch of the dungeon, and saw 5 of its levels.

You collected 101 gold pieces.

Inventory:

Hand Weapons
 a - a +3 dagger (weapon)
Missiles
 f - 2 silver javelins (quivered)
 i - a boomerang
Armour
 b - a +2 robe
 d - a +2 robe of cold resistance (worn)
Jewellery
 k - a ring of poison resistance (left hand)
Talismans
 e - a beast talisman
Scrolls
 c - a scroll of poison
 j - a scroll of amnesia
Potions
 g - a potion of curing


   Skills:
 * Level 1.3 Fighting
 * Level 1.9 Short Blades
 * Level 0.5 Throwing
 * Level 1.1 Armour
 * Level 2.1 Dodging
 * Level 5.3 Stealth
 * Level 3.1 Spellcasting
 * Level 3.6 Hexes
 * Level 1.7 Ice Magic
 * Level 1.4 Shapeshifting


You had 3 spell levels left.
You knew the following spells:

 Your Spells              Type           Power      Damage    Failure   Level
a - Ensorcelled Hibernat  Hex/Ice        22%        N/A       9%          2
b - Tukima's Dance        Hex            15%        N/A       12%         3
c - Confusing Touch       Hex            15%        N/A       12%         3

Your spell library contained the following spells:

 Spells                   Type           Power      Damage    Failure   Level
 Dazzling Flash           Conj/Hex       16%        N/A       24%         3
 Leda's Liquefaction      Alch/Erth      1%         N/A       86%         4
 Lee's Rapid Deconstruct  Erth           1%         3d4*      99%         5
 Bombard                  Conj/Erth      1%         9d1       100%        6


Dungeon Overview and Level Annotations

Branches:
Dungeon (5/15)
 Temple: D:4-7

Altars:
Wu Jian
Xom

Shops:
D:3 :


Innate Abilities, Weirdness & Mutations

You have extremely sharp teeth.
Your natural rate of healing is unusually fast.
When hurt, damage is shared between your health and your magic reserves.
Your bite disrupts and absorbs the magic of your enemies.
Potions cannot restore your health.


Message History

The gnoll closely misses you. The gnoll sergeant hits you.
* * * LOW HITPOINT WARNING * * *
The gnoll hits you with a +0 club.
* * * LOW HITPOINT WARNING * * *
The gnoll barely misses you.
Throw: 3 javelins (silver)
Press: ? - help, Q - select action, (/) - cycle Shift-Dir - straight line, f/p - gnoll
Aim: a gnoll, wielding a +0 halberd (severely wounded, 58% to hit)
You throw a silver javelin.
The silver javelin pierces through the gnoll sergeant but does no damage.
The gnoll sergeant is moderately wounded.
The silver javelin barely misses the gnoll.
The gnoll misses you.
Unknown command.
You closely miss the gnoll. You bite the gnoll. You drain its power.
You feel invigorated.
The gnoll is moderately wounded.
The gnoll closely misses you.
The gnoll sergeant throws a stone.
The stone barely misses you.
You hit the gnoll but do no damage. You bite the gnoll. You drain its power.
You feel invigorated.
The gnoll is heavily wounded.
The gnoll hits you from afar with a +0 halberd.
* * * LOW HITPOINT WARNING * * *
The gnoll closely misses you. The gnoll hits you but does no damage.
You hit the gnoll. You bite the gnoll, but do no damage.
The gnoll is severely wounded.
The gnoll hits you from afar with a +0 halberd.
* * * LOW HITPOINT WARNING * * *
The gnoll hits you with a +0 club.
The gnoll sergeant hits you but does no damage.
The gnoll hits you but does no damage.
You closely miss the gnoll. You bite the gnoll.
You kill the gnoll!
The gnoll misses you. The gnoll hits you but does no damage.
The gnoll sergeant completely misses you.
The gnoll hits you from afar with a +0 spear.
* * * LOW HITPOINT WARNING * * *
The gnoll sergeant hits you.
You die...

#..##.##+#...#+#
#..##.##.......#
#..##..###...###
#..##..#.'...+
#..###+#.##### .. #.>#
#.....# .. ######.....+
#'## #...#.....# ...#
#+#...#@#.##### ...#+
#(..ggg.#.+...+ .....
###..g#####...#####...##
#.'..('.#.......#.'†..'.
#.#####.#'#...#'#.#####.
#.#.#...g.#...#.....#...
#...'.....##+##.....'...
#####.....#...#.....#...
###.#+#..[#+#.#####.


You could see a gnoll sergeant and 3 gnolls.

Vanquished Creatures
  A black bear (D:4)
  A scorpion (D:4)
  A bombardier beetle (D:5)
  A hound (D:5)
  Jessica (D:3)
  An iguana (D:4)
  An orc wizard (D:4)
  A gnoll (D:5)
  An adder (D:3)
  2 ufetubi (D:5)
  2 ribbon worms (D:2)
  A dart slug (D:1)
  2 orcs (D:4)
  A ball python (D:1)
  3 endoplasms
  2 giant cockroaches
  2 goblins
  3 hobgoblins
  3 jackals (D:3)
  2 quokkas (D:2)
  3 bats
  A frilled lizard (D:1)
  A kobold (D:1)
  A rat (D:2)
38 creatures vanquished.

Vanquished Creatures (collateral kills)
  An orc (D:4)
1 creature vanquished.

Vanquished Creatures (others)
  A dancing weapon (D:5)
1 creature vanquished.

Grand Total: 40 creatures vanquished

Notes
Turn   | Place    | Note
-------+----------+-------------------------------------------
     0 | D:1      | Senryu the Vine Stalker Enchanter began the quest for the
                  | Orb.
     0 | D:1      | Reached XP level 1. HP: 9/9 MP: 4/4
   135 | D:1      | Reached XP level 2. HP: 13/13 MP: 1/6
   138 | D:1      | Learned a level 2 spell: Ensorcelled Hibernation
   239 | D:2      | Reached skill level 1 in Short Blades
   448 | D:2      | Reached XP level 3. HP: 17/17 MP: 7/7
   452 | D:2      | Learned a level 3 spell: Tukima's Dance
   523 | D:2      | Reached skill level 4 in Stealth
   572 | D:3      | Found Vumobod's Book Shop.
   595 | D:3      | Noticed Jessica
   617 | D:3      | Killed Jessica
   629 | D:3      | Reached XP level 4. HP: 21/21 MP: 5/8
   709 | D:4      | Noticed a black bear
   723 | D:4      | Killed a black bear
   724 | D:4      | Reached skill level 1 in Fighting
   724 | D:4      | Reached skill level 1 in Ice Magic
   724 | D:4      | Reached skill level 1 in Shapeshifting
   724 | D:4      | Reached XP level 5. HP: 16/25 MP: 1/10
   827 | D:4      | Found an ornate altar of the Wu Jian Council.
   838 | D:4      | Learned a level 3 spell: Confusing Touch
  1007 | D:4      | Reached skill level 5 in Stealth
  1083 | D:4      | Reached skill level 1 in Armour
  1083 | D:4      | Reached XP level 6. HP: 30/30 MP: 11/11
  1315 | D:5      | Entered Level 5 of the Dungeon
  1485 | D:5      | Found a shimmering altar of Xom.
  1600 | D:5      | Slain by a gnoll sergeant

Illustrated notes

Levels and vault maps discovered:
D:1:      elethiomel_arrival_infinity_welcomes_careful_drivers,
          layout_loops_corners, hellmonk_ecumenical_altar_defaced_shrine,
          chequers_mini_garden
D:2:      layout_rooms
D:3:      layout_rooms, serial_shops, shop, uniq_jessica
D:4:      layout_rooms, mainiacjoe_overflow_paths
D:5:      nicolae_cairo_tiling_large, layout_loops_ring, lemuel_tele_altar,
          amcnicky_altar_gilded, worldfamousw_hep_ancestral_shrine

Skill      XL: |  1  2  3  4  5 |
---------------+----------------+-----
Short Blades   | 1 |  1.9
Stealth        | 4 5 |  5.3
Fighting       | 1 |  1.3
Dodging        | 2 |  2.1
Ice Magic      | 1 |  1.7
Shapeshifting  | 1 |  1.4
Armour         | 1 |  1.1
Spellcasting   | 3 |  3.1
Throwing       | |  0.5
Hexes          | |  3.6

Action                     |  1- 3 |  4- 6 || total
---------------------------+-------+-------++-------
  Melee: Dagger            |    85 |    73 ||   158
         Bite              |    12 |    21 ||    33
  Throw: Boomerang         |       |    10 ||    10
         Javelin           |       |     4 ||     4
   Cast: Ensorcelled Hiber |     7 |     6 ||    13
         Confusing Touch   |       |     3 ||     3
         Tukima's Dance    |       |     3 ||     3
    Use: Scroll            |     6 |     5 ||    11
         Potion            |     1 |     2 ||     3
   Stab: Sleeping          |     9 |     4 ||    13
         Distracted        |     1 |       ||     1
         Invisible         |     1 |     1 ||     2
 Armour: Robe              |    41 |    77 ||   118
  Dodge: Dodged            |    54 |    68 ||   122
